 Dungeon Crawl Stone Soup version 0.32-a0-485-g70f7560b1c (webtiles) character file.

Game seed: 7834758591889057821

127 javelincjr the Caller (level 5, -2/37 HPs)
             Began as a Gnoll Summoner on Feb 26, 2024.
             Succumbed to Splishie's ghost's poison
             ... on level 3 of the Dungeon.
             The game lasted 00:10:40 (3212 turns).

javelincjr the Caller (Gnoll Summoner)              Turns: 3212, Time: 00:10:40

Health: -2/37      AC:  4    Str:  8    XL:     5   Next: 11%
Magic:  11/21      EV: 13    Int: 19    God:
Gold:   145        SH:  0    Dex: 12    Spells: 4/14 levels left

rFire   + + +        w - +2 short sword (venom)
rCold   + . .        (no shield)
rNeg    . . .        a - +0 robe
rPois   .            o - +1 helmet "Uhes" {rF+ Int+3}
rElec   .            d - scarf {rC+ rF+}
rCorr   .            (no gloves)
SInv    .            (no boots)
Will    .....        (no amulet)
Stlth   +++          f - ring of protection from fire
HPRegen 0.26/turn    r - ring of magical power
MPRegen 0.17/turn

%: no passive effects
@: lethally poisoned (-2 -> -14), inugami summoned
A: fangs 1, strong nose, distributed training
a: no special abilities


You were on level 3 of the Dungeon.
You visited 1 branch of the dungeon, and saw 3 of its levels.

You collected 145 gold pieces.

Inventory:

Hand Weapons
 h - a +0 dagger
 j - a +0 rapier
 l - a +0 hand axe
 w - a +2 short sword of venom (weapon)
Missiles
 g - 3 javelins
Armour
 a - a +0 robe (worn)
 d - a scarf of resistance (worn)
 o - the +1 helmet "Uhes" (worn) {rF+ Int+3}
   (You took it off Robin on level 2 of the Dungeon)

   Int+3:     It affects your intelligence (+3).
   rF+:       It protects you from fire.
Jewellery
 f - a ring of protection from fire (left hand)
 r - a ring of magical power (right hand)
Talismans
 q - a maw talisman
Scrolls
 c - 5 scrolls of identify {unknown}
 i - 2 scrolls of teleportation {unknown}
 k - a scroll of torment {unknown}
 m - a scroll of vulnerability {unknown}
 n - a scroll of fog {unknown}
 s - a scroll of blinking {unknown}
 t - a scroll of amnesia {unknown}
Potions
 b - a potion of magic
 e - 3 potions of curing
 p - a potion of degeneration {unknown}
 u - a potion of heal wounds {unknown}
 v - 2 potions of might {unknown}


   Skills:
 + Level 1.4 Fighting
 + Level 1.4 Short Blades
 + Level 1.4 Long Blades
 + Level 1.4 Axes
 + Level 1.4 Maces & Flails
 + Level 1.4 Polearms
 + Level 1.4 Staves
 + Level 1.4 Ranged Weapons
 + Level 1.4 Throwing
 + Level 1.4 Armour
 + Level 4.7 Dodging
 + Level 4.4 Stealth
 + Level 1.4 Shields
 + Level 1.4 Unarmed Combat
 + Level 5.2 Spellcasting
 + Level 1.1 Conjurations
 + Level 1.1 Hexes
 + Level 7.2 Summonings
 + Level 1.1 Necromancy
 + Level 1.1 Translocations
 + Level 1.1 Fire Magic
 + Level 1.1 Ice Magic
 + Level 1.1 Air Magic
 + Level 1.1 Earth Magic
 + Level 1.1 Alchemy
 + Level 1.6 Invocations
 + Level 1.4 Evocations
 + Level 1.3 Shapeshifting


You had 4 spell levels left.
You knew the following spells:

 Your Spells              Type           Power      Damage    Failure   Level
a - Summon Small Mammal   Summ           100%       N/A       1%          1
b - Call Imp              Summ           64%        N/A       1%          2
c - Call Canine Familiar  Summ           32%        N/A       1%          3
d - Summon Lightning Spi  Summ/Air       20%        N/A       22%         4

Your spell library contained the following spells:

 Spells                   Type           Power      Damage    Failure   Level
 Magic Dart               Conj           36%        1d4       8%          1
 Blink                    Tloc           18%        N/A       12%         2
 Lesser Beckoning         Tloc           18%        N/A       12%         2
 Momentum Strike          Conj/Tloc      18%        3d8       12%         2
 Searing Ray              Conj           18%        2d5       12%         2
 Summon Blazeheart Golem  Fire/Summ      20%        N/A       22%         4
 Fulminant Prism          Conj/Alch      4%         3d5       58%         4


Dungeon Overview and Level Annotations

Branches:
Dungeon (3/15)

Altars:
Yredelemnul

Annotations:
D:3 Splishie's ghost, amateur DrMo; anacleto's ghost, weakling AtBe; osoart's ghost, amateur DsHW


Innate Abilities, Weirdness & Mutations

You have very sharp teeth.
Your uncanny sense of smell can sniff out nearby items.
Your experience applies equally to all skills.


Message History

You closely miss Splishie's ghost.
Splishie's ghost is moderately damaged.
Osoart's ghost closely misses your cerulean imp.
Your cerulean imp hits Splishie's ghost from afar with a -1 spear.
Your inugami hits osoart's ghost.
Osoart's ghost gestures wildly while chanting.
Splishie's ghost hits you!
You are poisoned.
Your cerulean imp hits Splishie's ghost but does no damage.
You hit Splishie's ghost but do no damage.
Splishie's ghost is moderately damaged.
You feel very sick.
Your lightning spire shoots out a bolt of lightning at osoart's ghost!
The bolt of electricity hits your cerulean imp.
Your cerulean imp resists.
The bolt of electricity misses osoart's ghost.
The bolt of electricity hits the cerulean imp.
The cerulean imp resists.
Your inugami misses osoart's ghost.
Osoart's ghost gestures wildly while chanting.
Splishie's ghost hits you.
* * * LOW HITPOINT WARNING * * *
You are more poisoned.
Your cerulean imp barely misses Splishie's ghost.
It was a potion of curing.
You feel better.
Your inugami hits osoart's ghost.
Anacleto's ghost wails, "What do you have that I didn't have?"
The cerulean imp hits your cerulean imp with a +1 spear.
Splishie's ghost misses you.
Your cerulean imp hits Splishie's ghost from afar with a -1 spear.
The cerulean imp hits you from afar with a +0 spear.
You barely miss Splishie's ghost.
Splishie's ghost is heavily damaged.
Your inugami hits osoart's ghost. Anacleto's ghost hits you.
* * * LOW HITPOINT WARNING * * *
Splishie's ghost hits you!
* * * LOW HITPOINT WARNING * * *
You are lethally poisoned!
Your cerulean imp hits Splishie's ghost but does no damage.
The cerulean imp hits you from afar with a +0 spear.
* * * LOW HITPOINT WARNING * * *
You die...

.# #........##.######## ##
#........##........# #
#........#########.#
#........# #.#
############## #.# ...#
##$♣⌠♣#### #.# ##.#
#ß....#5.# #.# ##.#
?..(..#hW#######.# ##.#
(.....'5W.@......##### ##.#
ß.....'5.W######.....# .#.#
$.....'..I.......###.#
.#.###$.....#..######### #.#
.#...##ß!...#..##......###.#
.#....##(♣⌠♣#####.####.....#
.#.....#### #.# #######
.#........# #.# .#.......)#
#.#


You could see Splishie's ghost (ally target), anacleto's ghost, osoart's ghost
(ally target), 2 cerulean imps, a friendly lightning spire (summoned), a
friendly cerulean imp (summoned) and a friendly inugami (summoned).

Vanquished Creatures
  A hound zombie (D:3)
  An adder (D:2)
  A dart slug (D:3)
  A bat (D:1)
  2 goblins (D:3)
  A hobgoblin (D:3)
  5 ball pythons
  A kobold (D:2)
  2 rats
15 creatures vanquished.

Vanquished Creatures (collateral kills)
  Robin (D:2)
  An adder zombie (D:3)
  2 dart slugs
  2 ribbon worms
  6 endoplasms
  3 giant cockroaches (D:1)
  12 goblins
  5 hobgoblins
  2 jackals (D:2)
  7 kobolds
  A quokka (D:2)
  3 ball pythons
  4 bats
  A frilled lizard (D:1)
  A jackal zombie (D:3)
  6 rats
57 creatures vanquished.

Grand Total: 72 creatures vanquished

Notes
Turn   | Place    | Note
-------+----------+-------------------------------------------
     0 | D:1      | javelincjr the Gnoll Summoner began the quest for the Orb.
     0 | D:1      | Reached XP level 1. HP: 13/13 MP: 6/6
    84 | D:1      | Reached XP level 2. HP: 15/19 MP: 7/7
    87 | D:1      | Learned a level 2 spell: Call Imp
   495 | D:1      | Reached skill level 5 in Spellcasting
   495 | D:1      | Reached XP level 3. HP: 8/25 MP: 4/9
   499 | D:1      | Learned a level 3 spell: Call Canine Familiar
   997 | D:2      | Identified the +1 helmet "Uhes" {rF+ Int+3}
   997 | D:2      | Noticed Robin
  1009 | D:1      | Reached skill level 1 in Invocations
  1125 | D:2      | Reached skill level 1 in Fighting
  1125 | D:2      | Reached skill level 1 in Short Blades
  1125 | D:2      | Reached skill level 1 in Long Blades
  1125 | D:2      | Reached skill level 1 in Axes
  1125 | D:2      | Reached skill level 1 in Maces & Flails
  1125 | D:2      | Reached skill level 1 in Polearms
  1125 | D:2      | Reached skill level 1 in Staves
  1125 | D:2      | Reached skill level 1 in Ranged Weapons
  1125 | D:2      | Reached skill level 1 in Throwing
  1125 | D:2      | Reached skill level 1 in Armour
  1125 | D:2      | Reached skill level 1 in Shields
  1125 | D:2      | Reached skill level 1 in Unarmed Combat
  1125 | D:2      | Reached skill level 1 in Evocations
  1432 | D:2      | Reached skill level 1 in Shapeshifting
  1432 | D:2      | Reached XP level 4. HP: 32/32 MP: 3/11
  1604 | D:2      | Found a faded altar of an unknown god.
  2007 | D:2      | Killed Robin
  2008 | D:2      | Reached skill level 1 in Conjurations
  2008 | D:2      | Reached skill level 1 in Hexes
  2008 | D:2      | Reached skill level 1 in Necromancy
  2008 | D:2      | Reached skill level 1 in Translocations
  2008 | D:2      | Reached skill level 1 in Fire Magic
  2008 | D:2      | Reached skill level 1 in Ice Magic
  2008 | D:2      | Reached skill level 1 in Air Magic
  2008 | D:2      | Reached skill level 1 in Earth Magic
  2008 | D:2      | Reached skill level 1 in Alchemy
  2154 | D:3      | Found a basalt altar of Yredelemnul.
  2300 | D:3      | Reached XP level 5. HP: 36/37 MP: 12/12
  2976 | D:3      | Learned a level 4 spell: Summon Lightning Spire
  3194 | D:3      | Found a runed translucent gate.
  3194 | D:3      | Found a runed translucent gate.
  3194 | D:3      | Found a runed translucent gate.
  3198 | D:3      | Noticed osoart's ghost (amateur DsHW)
  3198 | D:3      | Noticed anacleto's ghost (weakling AtBe)
  3199 | D:3      | Noticed Splishie's ghost (amateur DrMo)
  3211 | D:3      | HP: 1/37 [cerulean imp/+0 spear[osoart's ghost] (2)]
  3212 | D:3      | Succumbed to Splishie's ghost's poison

Illustrated notes

Levels and vault maps discovered:
D:1:      dpeg_arrival_rhombi, layout_loops_ring
D:2:      layout_loops_ring, ebering_ecumenical_altar_mist, uniq_robin
D:3:      layout_basic, nicolae_yredelemnul_corpse_copse,
          gammafunk_ghost_cemetery

Skill      XL: |  1  2  3  4 |
---------------+-------------+-----
Spellcasting   | 5 |  5.2
Invocations    | 1 |  1.6
Fighting       | 1 |  1.4
Short Blades   | 1 |  1.4
Long Blades    | 1 |  1.4
Axes           | 1 |  1.4
Maces & Flails | 1 |  1.4
Polearms       | 1 |  1.4
Staves         | 1 |  1.4
Ranged Weapons | 1 |  1.4
Throwing       | 1 |  1.4
Armour         | 1 |  1.4
Shields        | 1 |  1.4
Unarmed Combat | 1 |  1.4
Evocations     | 1 |  1.4
Shapeshifting  | 1 |  1.3
Conjurations   | 1 |  1.1
Hexes          | 1 |  1.1
Necromancy     | 1 |  1.1
Translocations | 1 |  1.1
Fire Magic     | 1 |  1.1
Ice Magic      | 1 |  1.1
Air Magic      | 1 |  1.1
Earth Magic    | 1 |  1.1
Alchemy        | 1 |  1.1
Dodging        | |  4.7
Stealth        | |  4.4
Summonings     | |  7.2

Action                     |  1- 3 |  4- 6 || total
---------------------------+-------+-------++-------
  Melee: Unarmed           |    57 |       ||    57
         Bite              |     5 |     1 ||     6
         Punch             |     2 |       ||     2
         Dagger            |    18 |       ||    18
         Rapier            |     6 |     2 ||     8
         Hand axe          |       |    23 ||    23
         Short sword       |       |    13 ||    13
   Cast: Summon Small Mamm |    14 |     2 ||    16
         Call Imp          |    12 |     8 ||    20
         Call Canine Famil |    11 |    16 ||    27
         Summon Lightning  |       |     1 ||     1
    Use: Potion            |       |     1 ||     1
   Stab: Sleeping          |     1 |     1 ||     2
 Armour: Robe              |    57 |    22 ||    79
  Dodge: Dodged            |    78 |    28 ||   106

Table legend: (Time is in decaauts)
 A = Elapsed time spent in this place.
 B = Non-inter-level travel time spent in this place.
 C = Inter-level travel time spent in this place.
 D = Time resting spent in this place.
 E = Time spent auto-exploring this place.
 F = Levels seen in this place.
 G = Mean time per level.
                   A        B        C        D        E       F      G
               +--------+--------+--------+--------+--------+-----+--------+
         Total |   3213 |   3190 |     23 |    113 |   2445 |   3 | 1071.0 |
       Dungeon |   3213 |   3190 |     23 |    113 |   2445 |   3 | 1071.0 |
               +--------+--------+--------+--------+--------+-----+--------+

Top non-repeatable levels by time:
     D:1: 1110 daAuts
     D:3: 1071 daAuts
     D:2: 1032 daAuts
